 Dungeon Crawl Stone Soup version 0.30-a0-4-ga7cffc901d (webtiles) character file.

Game seed: 16848360242112413156

7 frimble the Digger (level 1, -2/19 HPs)
             Began as a Demonspawn Earth Elementalist on Aug 20, 2022.
             Frozen to death by an endoplasm (4 damage)
             ... on level 1 of the Dungeon.
             The game lasted 00:00:22 (136 turns).

frimble the Digger (Demonspawn Earth Elementalist)   Turns: 136, Time: 00:00:22

Health: -2/19      AC: 20    Str:  8    XL:     1   Next: 83%
Magic:  3/3        EV: -1    Int: 16    God:
Gold:   0          SH:  0    Dex: 13    Spells: 3/4 levels left

rFire   . . .      SeeInvis .    c - +0 dagger
rCold   . . .      Faith    .    (no shield)
rNeg    . . .      Spirit   .    (body armour currently unavailable)
rPois   +          Reflect  .    (helmet currently unavailable)
rElec   .          Harm     .    (cloak currently unavailable)
rCorr   .          Rampage  .    (gloves currently unavailable)
Will    .....      NoTele   +    (boots currently unavailable)
Stlth   ++........               (no amulet)
HPRegen 0.06/turn                (no ring)
MPRegen 0.08/turn                (no ring)

@: tree-form, constricted
A: stationary, stasis, torment immunity, boosted hp
a: no special abilities


You were on level 1 of the Dungeon.
You were a tree.
You visited 1 branch of the dungeon, and saw 1 of its levels.

Inventory:

Hand Weapons
 c - a +0 dagger (weapon)
Armour
 d - a +2 robe of fire resistance (melded)
Potions
 b - a potion of magic


   Skills:
 + Level 1.0 Short Blades
 - Level 1.8 Dodging
 - Level 1.8 Stealth
 - Level 2.0 Spellcasting
 - Level 1.0 Transmutations
 - Level 2.7 Earth Magic


You had 3 spell levels left.
You knew the following spells:

 Your Spells              Type           Power      Damage    Failure   Level
a - Sandblast             Erth           20%        2d7       7%          1

Your spell library contained the following spells:

 Spells                   Type           Power      Damage    Failure   Level
 Passwall                 Tmut/Erth      5%         N/A       14%         2
 Ensorcelled Hibernation  Hex/Ice        2%         N/A       30%         2
 Stone Arrow              Conj/Erth      12%        3d7       34%         3
 Swiftness                Air            1%         N/A       52%         3
 Petrify                  Tmut/Erth      7%         N/A       67%         4


Dungeon Overview and Level Annotations

Branches:
Dungeon (1/15)

Altars:


Message History

You hit the kobold.
The kobold is moderately wounded.
The ball python bites you but does no damage.
The ball python barely misses you. The endoplasm closely misses you.
The kobold hits you but does no damage.
You closely miss the kobold.
The kobold is moderately wounded.
The ball python closely misses you. The ball python grabs you.
The ball python constricts you. The endoplasm freezes you.
You are frozen.
The kobold hits you with a +0 dagger. The hobgoblin closely misses you.
You are too injured to fight recklessly!
You are too injured to fight recklessly!
You are too injured to fight recklessly!
You are too injured to fight recklessly!
You are too injured to fight recklessly!
You are too injured to fight recklessly!
There are monsters nearby!
You closely miss the ball python. The ball python barely misses you.
The ball python constricts you. The kobold hits you with a +0 dagger.
The endoplasm completely misses you. The ball python closely misses you.
The ball python constricts you. The hobgoblin completely misses you.
You closely miss the ball python. The ball python bites you.
* * * LOW HITPOINT WARNING * * *
The ball python constricts you.
The endoplasm hits you but does no damage.
The kobold barely misses you.
The hobgoblin hits you but does no damage.
Okay, then.
You aren't carrying any scrolls.
Unknown command.
It was a potion of lignification.
You turn into a tree.
Your +2 robe of fire resistance melds into your body.
You feel less resistant to fire.
Your roots penetrate the ground.
The ball python bites you but does no damage.
The ball python constricts you. The endoplasm freezes you.
You are frozen.
You die...

#..## #...## #
#......
#######.###
#.#.#..
##....!#....
w.#....
##.........w.
..##....
#...............
... .
#...K...........
#....
#...S♣J...... .
#....g....... .
#............ .
#............
##...........
##.....##...
####### #(# .#


You could see a dart slug, an endoplasm, a hobgoblin, a ball python and a
kobold.

Vanquished Creatures
  A dart slug (D:1)
  A giant cockroach (D:1)
  A hobgoblin (D:1)
  A bat (D:1)
  A goblin (D:1)
5 creatures vanquished.

Notes
Turn   | Place    | Note
-------+----------+-------------------------------------------
     0 | D:1      | frimble the Demonspawn Earth Elementalist began the quest
                  | for the Orb.
     0 | D:1      | Reached XP level 1. HP: 13/13 MP: 3/3
    21 | D:1      | Reached skill level 1 in Transmutations
   128 | D:1      | Reached skill level 1 in Short Blades
   136 | D:1      | Frozen to death by an endoplasm

Illustrated notes

Levels and vault maps discovered:
D:1:      heliophobic_arrival_glass_houses, layout_rooms, serial_aquarium,
          aquarium_bridge_island_small [aquarium_subvault_small_open,
          aquarium_subvault_bridge, aquarium_subvault_bridge,
          aquarium_subvault_wall, aquarium_subvault_balcony],
          aquarium_window_fake, aquarium_window_1, aquarium_window_fake,
          aquarium_view_2e, aquarium_view_2b, basic_ecumenical_altar,
          minmay_misc_feat_secret_circle, hangedman_decor_peaks_small

Skill      XL: |  1 |
---------------+----+-----
Transmutations | 1 |  1.0
Short Blades   | 1 |  1.0
Dodging        | |  1.8
Stealth        | |  1.8
Spellcasting   | |  2.0
Earth Magic    | |  2.7

Action                   || total
-------------------------++-------
Melee: Dagger            ||    15
 Cast: Sandblast         ||     2
  Use: Potion            ||     1
 Stab: Sleeping          ||     2
Armor: Robe              ||     4
       Skin              ||     1
Dodge: Dodged            ||    15

Table legend: (Time is in decaauts)
 A = Elapsed time spent in this place.
 B = Non-inter-level travel time spent in this place.
 C = Inter-level travel time spent in this place.
 D = Time resting spent in this place.
 E = Time spent auto-exploring this place.
 F = Levels seen in this place.
 G = Mean time per level.
                   A        B        C        D        E       F      G
               +--------+--------+--------+--------+--------+-----+--------+
         Total |    136 |    136 |      0 |      0 |     73 |   1 |  136.0 |
       Dungeon |    136 |    136 |      0 |      0 |     73 |   1 |  136.0 |
               +--------+--------+--------+--------+--------+-----+--------+

Top non-repeatable levels by time:
     D:1: 136 daAuts
